 Dungeon Crawl Stone Soup version 0.31-a0-1511-g961fd35ebc (webtiles) character file.

Game seed: 1153230464029485695

397379 ZotIsNOTReal the Skinwalker (level 23, -1/197 HPs)
             Began as an Octopode Shapeshifter on Dec 30, 2023.
             Was an Initiate of Gozag.
             Killed from afar by a deep elf sorcerer (30 damage)
             ... with damnation
             ... on level 5 of the Vaults.
             The game lasted 02:06:00 (44880 turns).

ZotIsNOTReal the Skinwalker (OpSh)                 Turns: 44880, Time: 02:06:01

Health: -1/197     AC: 44    Str: 22    XL:     23   Next: 23%
Magic:  32/32      EV: 21    Int: 24    God:    Gozag
Gold:   5877       SH: 24    Dex: 11    Spells: 22/22 levels left

rFire   + +          +
                       - Unarmed
rCold   + + +        D - +1 tower shield "Qaumifor" {rPois Regen+ Dex-3}
rNeg    + + .        w - +2 hat
rPois   ∞            k - amulet of reflection
rElec   +            i - ring of Jucsyak {rF+ rCorr MP+9 Int+3}
rCorr   +            e - +4 ring of protection
SInv    +            A - ring "Kiloav" {^Drain rC+ AC+4 Str+2 SInv}
Will    +++++        E - ring of willpower
Stlth   ++++++++     z - ring of willpower
HPRegen 1.32/turn    U - ring "Tuasaesu" {rF++ rC++ EV+5}
MPRegen 0.23/turn    P - ring "Olofomip" {Will+ Int+7}
                     G - ring of Miseagoeq {rElec rN+ Will+}

%: reflection
@: statue-form, studying Ice Magic, very slow
A: slow and powerful, torment resistance 1, boosted hp, almost no armour,
amphibious, 8 rings, camouflage 1, (gelatinous body 1), (nimble swimmer 1),
tentacles
}: 2/15 runes: barnacled, gossamer
a: Begin Untransformation, Renounce Religion, Potion Petition, Call Merchant,
Bribe Branch


You were on level 5 of the Vaults.
You worshipped Gozag.
Gozag was greatly pleased with you.
You were a living statue of rough stone.
You visited 9 branches of the dungeon, and saw 40 of its levels.
You visited 1 bazaar.
You also visited: Trove and Desolation.

You collected 20565 gold pieces.
You spent 4252 gold pieces at shops.
You paid 10436 gold pieces to Gozag.

Inventory:

Missiles
 x - 7 throwing nets (quivered)
Armour
 w - a +2 hat (worn)
 D - the +1 tower shield "Qaumifor" (worn) {rPois Regen+ Dex-3}
   (You found it in a treasure trove)

   Dex-3:     It affects your dexterity (-3).
   rPois:     It protects you from poison Regen+: It increases your rate of
   health regeneration.
 H - a +3 buckler
Jewellery
 e - a +4 ring of protection (right tentacle)
 i - the ring of Jucsyak (left tentacle) {rF+ rCorr MP+9 Int+3}
   (You found it on level 3 of the Dungeon)

   [ring of protection from fire]

   Int+3:     It affects your intelligence (+3).
   rF+:       It protects you from fire.
   MP+9:      It affects your magic capacity (+9).
   rCorr:     It protects you from acid and corrosion.
 k - an amulet of reflection (around mantle)
 z - a ring of willpower (on tentacle)
 A - the ring "Kiloav" (on tentacle) {^Drain rC+ AC+4 Str+2 SInv}
   (You took it off an imperial myrmidon in the Desolation of Salt)

   [ring of protection]

   AC+4:      It affects your AC (+4).
   Str+2:     It affects your strength (+2).
   rC+:       It protects you from cold.
   SInv:      It lets you see invisible.
   ^Drain:    It drains your maximum health when unequipped.
 B - the amulet of the Air {Inacc Air Fly rElec RMsl}
   (You found it on level 3 of the Elven Halls)

   [amulet of nothing]

   Inacc:     It reduces the accuracy of your attacks and spells.
   Air:       It enhances your air magic.
   rElec:     It insulates you from electricity.
   Fly:       It grants you flight.
   RMsl:      It protects you from missiles.
 E - a ring of willpower (on tentacle)
 G - the ring of Miseagoeq (on tentacle) {rElec rN+ Will+}
   (You found it in a treasure trove)

   [ring of positive energy]

   rElec:     It insulates you from electricity.
   rN+:       It protects you from negative energy.
   Will+:     It increases your willpower.
 P - the ring "Olofomip" (on tentacle) {Will+ Int+7}
   (You bought it in a shop on level 5 of the Lair of Beasts)

   [ring of willpower]

   Int+7:     It affects your intelligence (+7).
   Will+:     It increases your willpower.
 U - the ring "Tuasaesu" (on tentacle) {rF++ rC++ EV+5}
   (You found it on level 3 of the Elven Halls)

   [ring of evasion]

   EV+5:      It affects your evasion (+5).
   rF++:      It greatly protects you from fire.
   rC++:      It greatly protects you from cold.
Talismans
 l - a storm talisman
 C - a granite talisman (active)
Wands
 c - a wand of mindburst (27)
 d - a wand of polymorph (15)
 q - a wand of digging (25)
 K - a wand of quicksilver (9)
 L - a wand of iceblast (27)
 N - a wand of paralysis (44)
 T - a wand of flame (12)
Scrolls
 m - 13 scrolls of teleportation
 p - 2 scrolls of revelation
 u - a scroll of vulnerability
 y - 4 scrolls of blinking
 F - 5 scrolls of fear
 J - 2 scrolls of immolation
 O - a scroll of summoning
 R - 6 scrolls of fog
Potions
 a - a potion of haste
 b - 2 potions of berserk rage
 f - 5 potions of resistance
 g - 2 potions of cancellation
 j - 7 potions of enlightenment
 n - 10 potions of might
 o - a potion of brilliance
 r - a potion of invisibility
 s - 9 potions of attraction
 t - 7 potions of lignification
 v - 8 potions of heal wounds
 I - 3 potions of mutation
 M - 5 potions of ambrosia
 Q - 5 potions of magic


   Skills:
 - Level 11.0 Fighting
 - Level 15.0 Dodging
 - Level 20.0 Stealth
 - Level 16.0 Shields
 + Level 20.7 Unarmed Combat
 - Level 8.0 Evocations
 - Level 22.0 Shapeshifting


You had 22 spell levels left.
You didn't know any spells.
Your spell library contained the following spells:

 Spells                   Type           Power      Damage    Failure   Level
 Apportation              Tloc           0%         N/A       34%         1
 Foxfire                  Conj/Fire      0%         2x1d4     34%         1
 Freeze                   Ice            0%         1d3       34%         1
 Magic Dart               Conj           0%         1d3       34%         1
 Necrotise                Necr           0%         1d4       34%         1
 Slow                     Hex            0%         N/A       34%         1
 Sting                    Conj/Alch      0%         1d3       34%         1
 Summon Small Mammal      Summ           0%         N/A       34%         1
 Blink                    Tloc           0%         N/A       45%         2
 Call Imp                 Summ           0%         N/A       45%         2
 Cigotuvi's Dreadful Rot  Necr/Alch/Air  0%         N/A       45%         2
 Ensorcelled Hibernation  Hex/Ice        0%         N/A       45%         2
 Lesser Beckoning         Tloc           0%         N/A       45%         2
 Mercury Vapours          Alch/Air       0%         N/A       45%         2
 Momentum Strike          Conj/Tloc      0%         3d8       45%         2
 Scorch                   Fire           0%         2d5       45%         2
 Searing Ray              Conj           0%         2d4       45%         2
 Call Canine Familiar     Summ           0%         N/A       71%         3
 Confusing Touch          Hex            0%         N/A       71%         3
 Dazzling Flash           Conj/Hex       0%         N/A       71%         3
 Fugue of the Fallen      Necr           0%         N/A       71%         3
 Gell's Gravitas          Tloc           0%         N/A       71%         3
 Hailstorm                Conj/Ice       0%         3d5       71%         3
 Inner Flame              Hex/Fire       0%         N/A       71%         3
 Mephitic Cloud           Conj/Alch/Air  0%         N/A       71%         3
 Ozocubu's Armour         Ice            0%         N/A       71%         3
 Sigil of Binding         Hex            0%         N/A       71%         3
 Stone Arrow              Conj/Erth      0%         3d7       71%         3
 Summon Ice Beast         Ice/Summ       0%         N/A       71%         3
 Swiftness                Air            0%         N/A       71%         3
 Teleport Other           Tloc           0%         N/A       71%         3
 Vampiric Draining        Necr           0%         2d6       71%         3
 Volatile Blastmotes      Fire/Tloc      0%         2d10      71%         3
 Anguish                  Hex/Necr       0%         N/A       98%         4
 Cause Fear               Hex            0%         N/A       98%         4
 Dispel Undead            Necr           0%         3d6       98%         4
 Flame Wave               Conj/Fire      0%         2d4       98%         4
 Fulminant Prism          Conj/Alch      0%         3d5       98%         4
 Leda's Liquefaction      Alch/Erth      0%         N/A       98%         4
 Manifold Assault         Tloc           0%         N/A       98%         4
 Martyr's Knell           Necr/Summ      0%         N/A       98%         4
 Olgreb's Toxic Radiance  Alch           0%         N/A       98%         4
 Sticky Flame             Fire/Alch      0%         2d4       98%         4
 Summon Blazeheart Golem  Fire/Summ      0%         N/A       98%         4
 Alistair's Intoxication  Alch           0%         N/A       100%        5
 Arcjolt                  Conj/Air       0%         1d10      100%        5
 Borgnjor's Vile Clutch   Necr/Erth      0%         N/A       100%        5
 Curse of Agony           Necr           0%         N/A       100%        5
 Fireball                 Conj/Fire      0%         3d3       100%        5
 Freezing Cloud           Conj/Ice/Air   0%         6-21      100%        5
 Irradiate                Conj/Alch      0%         3d11      100%        5
 Metabolic Englaciation   Hex/Ice        0%         N/A       100%        5
 Summon Forest            Summ/Tloc      0%         N/A       100%        5
 Summon Mana Viper        Hex/Summ       0%         N/A       100%        5
 Death Channel            Necr           0%         N/A       100%        6
 Dispersal                Tloc           0%         N/A       100%        6
 Eringya's Noxious Bog    Alch           0%         4d6       100%        6
 Plasma Beam              Fire/Air       0%         2x1d10    100%        6
 Starburst                Conj/Fire      0%         6d3       100%        6
 Summon Cactus Giant      Summ           0%         N/A       100%        6
 Enfeeble                 Hex            0%         N/A       100%        7
 Monstrous Menagerie      Summ           0%         N/A       100%        7
 Ozocubu's Refrigeration  Ice            0%         4d7       100%        7
 Summon Hydra             Summ           0%         N/A       100%        7
 Disjunction              Tloc           0%         N/A       100%        8
 Ignition                 Fire           0%         3d3       100%        8
 Dragon's Call            Summ           0%         N/A       100%        9
 Polar Vortex             Ice            0%         N/A       100%        9
 Animate Armour           Summ/Erth      Unusable   N/A       N/A         4
 Sculpt Simulacrum        Ice/Alch       Unusable   N/A       N/A         6

Dungeon Overview and Level Annotations

Branches:
Dungeon (15/15)            Temple (1/1) D:7            Lair (5/5) D:11
 Shoals (4/4) Lair:2       Spider (4/4) Lair:3        Slime (0/5) Lair:5
    Orc (2/2) D:11            Elf (3/3) Orc:2        Vaults (5/5) D:13
  Crypt (0/3) Vaults:3     Depths (1/4) D:15        Desolation (visited)

Altars:
Ashenzari
Cheibriados
Dithmenos
Elyvilon
Fedhas
Gozag
Hepliaklqana
Kikubaaqudgha
Makhleb
Nemelex Xobeh
Okawaru
Qazlal
Ru
Sif Muna
Trog
Uskayaw
Vehumet
Wu Jian
Xom
Yredelemnul
Zin
The Shining One
Jiyva

Shops:
D:7 **=   D:11 (?*?:   D:12 **   D:14 *   Orc:1 =!   Orc:2 *(?   Elf:3 ?[[
Lair:3 ?   Lair:5 !=   Spider:2 !   Vaults:1 ?[*=   Vaults:3 *

Portals:
Hell: Depths:1
Ziggurat: Depths:1

Annotations:
D:13 2 transporters, Ostrumoaq's ghost, adept FoHu
Shoals:1 1 runed translucent door, klunsen's ghost, adept SpEn
Shoals:2 Polyphemus
Shoals:4 Mara
Elf:2 3 runed translucent doors, topfpfpflanze's ghost, adept FeIE
Vaults:1 Norris


Innate Abilities, Weirdness & Mutations

You are a living statue of rough stone.
Your actions are slow, but your melee attacks are powerful.
You are resistant to unholy torment.
Your maximum health is greatly increased.
You cannot wear most types of armour.
You are amphibious.
You can wear up to eight rings at the same time.
You are immune to poison.
Your skin changes colour to match your surroundings (Stealth+).
((Your rubbery body absorbs attacks. (AC +1, EV +1)))
((You are camouflaged when in or above water. (Stealth+)))
You have tentacles for arms and can constrict up to eight enemies at once.


Message History

You block the bolt with an invisible shield... and reflect it back!
The bolt completely misses the yaktaur captain.
The fire giant points at you and mumbles some strange words.
The bolt of fire hits you. You resist.
The yaktaur captain shoots a bolt.
The bolt completely misses you. The fire giant casts a spell at you.
The fireball explodes!
The fireball engulfs you! You resist.
The deep elf sorcerer gestures at you while chanting.
The bolt of acid misses you.
Unknown command.
The yaktaur captain is distracted by your dazzling golden aura.
The yaktaur captain shoots a bolt.
You block the bolt with an invisible shield... and reflect it back!
The bolt hits the yaktaur captain!!
The yaktaur captain shouts!
The deep elf sorcerer gestures at you while chanting.
The bolt of acid hits you! You resist.
The yaktaur captain shoots a bolt.
You block the bolt with an invisible shield... and reflect it back!
The bolt hits the yaktaur captain!!
The yaktaur captain shoots a bolt.
You block the bolt with an invisible shield... and reflect it back!
The bolt hits the yaktaur captain!!
The deep elf sorcerer casts a spell at you.
The bolt of acid misses you.
The ancient lich gestures wildly while chanting.
The ancient lich seems to speed up.
The deep elf sorcerer casts a spell at you.
The sphere of damnation explodes!
The damnation engulfs you!!
The ancient lich gestures wildly while chanting.
The ancient lich flickers and vanishes for a moment.
You hear a shout!
The deep elf sorcerer points at you and mumbles some strange words.
The sphere of damnation explodes!
The damnation engulfs you!!!
* * * LOW HITPOINT WARNING * * *
The yaktaur captain wields a +0 arbalest.
The yaktaur captain shoots a bolt.
The bolt hits the ancient lich!!
The deep elf sorcerer points at you and mumbles some strange words.
The sphere of damnation explodes!
The damnation engulfs you!!
You die...
Your body crumbles into a pile of gold.

#.#.#.#.#.##....#
#..c#...## ....#
#.#.#.#.#.##....# ..
#...#..L#.c)#....# #..
#.#.#.#.#.#.##....##...
#...#...#...#C#....#..#
##=###)###)#.eC.......#
## ########........####
........8.[........
..........<<.......
.........<).<......
........))<<.......
#######..).....####
#.............
#...#....#.....
.....##....#..... ....#
#....# ....


You could see an ancient lich (fast, invisible), a fire giant, a stone giant, 2
yaktaur captains and a deep elf sorcerer (fast).

Vanquished Creatures
  An ancient lich (Vaults:4)
  Saint Roka (Orc:1)
  A golden dragon (Vaults:5)
  Nikola (Shoals:2)
  Arachne (Spider:3)
  A lich (Vaults:1)
  4 deep elf master archers (Elf:3)
  2 titans (Vaults:5)
  Rupert (Lair:4)
  4 sphinxes
  2 deep elf blademasters (Elf:3)
  Gastronok (D:11)
  Frances (Spider:2)
  2 tengu reavers
  Kirke (Lair:4)
  A shadow dragon (Vaults:4)
  A storm dragon (Vaults:5)
  Ilsuiw (Shoals:1)
  Aizul (Shoals:4)
  The ghost of Lajad the Destroyer, an adept OpFE of Sif Muna (Elf:3)
  Roxanne (Elf:2)
  2 frost giants
  3 emperor scorpions
  A fire giant (Vaults:4)
  15 vault wardens
  3 ghost moths
  3 imperial myrmidons (Desolation)
  3 deep elf elementalists (Elf:3)
  6 deep elf sorcerers (Elf:3)
  2 orc warlords
  21 ironbound preservers
  A formless jellyfish (Vaults:2)
  A vampire knight (D:15)
  6 broodmothers
  3 stone giants
  The ghost of Ratslayer the Fighter, a journeyman MiBe of Trog (Orc:2)
  8 ironbound thunderhulks
  3 deep elf demonologists
  5 deep elf death magi (Elf:3)
  4 deep elf annihilators
  A halazid warlock (Desolation)
  2 spark wasps
  16 dire elephants
  2 crystal guardians (Desolation)
  3 ettins
  3 jiangshi
  6 ragged hierophants (Desolation)
  4 merfolk javelineers
  3 fire dragons
  6 merfolk impalers
  9 entropy weavers
  3 deep elf high priests
  5 great orbs of eyes
  7 yaktaur captains
  29 vault guards
  A servant of whispers (Desolation)
  An entropy weaver (shapeshifter) (D:14)
  A rakshasa (D:15)
  4 hydras
  A catoblepas (Shoals:2)
  9 centaur warriors
  4 ogre magi
  2 ice dragons
  2 alligator snapping turtles
  A merfolk avatar (Shoals:4)
  8 ironbound frosthearts
  3 radroaches
  Erica (D:10)
  6 peacekeepers (Desolation)
  2 jorogumos
  4 merfolk aquamancers
  A two-headed ogre (shapeshifter) (Elf:3)
  A death knight (D:15)
  2 boulder beetles
  28 dancing weapons
  2 deep troll shamans (D:15)
  2 satyrs (Shoals:3)
  18 two-headed ogres
  A deep troll earth mage (D:15)
  An occultist (D:15)
  7 demonic crawlers
  9 death yaks
  A tengu warrior (D:14)
  2 vampire magi
  A hell knight (Vaults:1)
  A skyshark (shapeshifter) (Elf:3)
  A skeletal warrior (D:11)
  2 iron trolls (D:15)
  A salamander mystic (D:15)
  Amaemon (D:8)
  14 deep elf knights
  3 skysharks
  5 pharaoh ants
  5 sea snakes
  45 deep trolls
  9 orb spiders
  A glowing orange brain (shapeshifter) (Vaults:4)
  37 slime creatures
  15 ironbound convokers
  4 sun moths
  2 phantasmal warriors
  An obsidian statue (Vaults:2)
  8 harpies
  4 arcanists
  A sun moth (shapeshifter) (Elf:3)
  A swamp dragon (Lair:5)
  8 steelbarb worms
  A steelbarb worm (shapeshifter) (Depths:1)
  13 deep elf archers
  38 deep elf pyromancers
  6 orc sorcerers
  3 necromancers
  A frost giant zombie (Depths:1)
  35 deep elf zephyrmancers
  An orc knight (Orc:2)
  6 cyclopes
  13 lindwurms
  25 wolf spiders
  13 manticores
  4 moths of wrath
  22 ugly things
  Maurice (Orc:2)
  3 oklob plants
  A cyclops (shapeshifter) (Vaults:5)
  13 fauns
  A meliai (D:10)
  3 guardian serpents (Desolation)
  4 kobold blastminers
  4 centaur zombies (D:11)
  6 black mambas
  6 torpor snails
  17 merfolk sirens
  14 vault sentinels
  A water nymph (Shoals:4)
  A water nymph (shapeshifter) (Elf:3)
  3 gargoyles
  An orange demon (D:8)
  23 yaktaurs
  Jeremiah (Lair:1)
  3 unseen horrors
  A rime drake (Lair:5)
  12 cane toads
  An efreet (D:15)
  2 freezing wraiths (Vaults:4)
  16 komodo dragons
  3 tengu conjurers
  A polar bear (shapeshifter) (Elf:3)
  2 polar bears
  3 wind drakes
  38 tarantellas
  6 trolls
  26 merfolk
  40 saltlings (Desolation)
  2 hornets (D:9)
  2 raiju (shapeshifter)
  4 meliai zombies (D:11)
  17 blink frogs
  2 ettin zombies (Depths:1)
  12 dream sheep
  4 snapping turtles
  A fire giant simulacrum (Depths:1)
  28 culicivoras
  6 vampires
  23 jumping spiders
  3 shadows
  63 yaks
  7 water elementals
  9 wraiths
  A fire bat (shapeshifter) (Elf:3)
  5 wyverns
  Grum (D:10)
  8 wargs
  2 hogs (shapeshifter)
  4 hogs (Lair:4)
  A steam dragon (shapeshifter) (D:14)
  4 fire elementals
  7 basilisks
  5 steam dragons
  10 vampire mosquitoes
  52 redbacks
  Menkaure (D:7)
  6 acid dragons
  16 water moccasins
  24 orc warriors
  2 ice beasts
  A swamp drake (Lair:5)
  3 sky beasts
  5 black bears
  A boggart (Vaults:1)
  19 ogres
  16 wolves
  8 centaurs
  4 phantoms
  2 kobold brigands (D:8)
  2 gnoll sergeants (D:11)
  13 bullfrogs
  4 scorpions
  A cane toad simulacrum (Orc:2)
  7 earth elementals
  A two-headed ogre simulacrum (Orc:2)
  14 wights
  An elephant simulacrum (Orc:2)
  2 oklob saplings (D:9)
  17 killer bees
  A howler monkey (D:7)
  A bombardier beetle (D:6)
  A gnoll bouda (D:9)
  3 hounds
  9 orc priests
  A jelly (D:5)
  5 sleepcaps
  10 iguanas
  22 orc wizards
  A troll simulacrum (Orc:2)
  A spriggan simulacrum (Orc:2)
  A wolf simulacrum (Orc:2)
  18 gnolls
  9 adders
  2 naga simulacra (Orc:2)
  A shadow imp (D:6)
  4 white imps
  4 ufetubi
  5 dart slugs
  105 orcs
  15 ball pythons
  10 bats
  6 endoplasms
  3 giant cockroaches
  7 hobgoblins
  4 quokkas
  3 frilled lizards
  5 goblins
  9 kobolds
  5 rats
  A spectral goblin (D:8)
1678 creatures vanquished.

Vanquished Creatures (others)
  An alligator snapping turtle (Shoals:2)
  4 deep elf knights (Elf:2)
  A deep elf archer (Elf:1)
  A water elemental (Elf:1)
  A golden eye (shapeshifter) (Elf:2)
  A redback (Spider:2)
  A sky beast (D:8)
  A scorpion (shapeshifter) (Elf:3)
11 creatures vanquished.

Grand Total: 1689 creatures vanquished

Notes
Turn   | Place    | Note
-------+----------+-------------------------------------------
     0 | D:1      | ZotIsNOTReal the Octopode Shapeshifter began the quest for
                  | the Orb.
     0 | D:1      | Reached XP level 1. HP: 13/13 MP: 1/1
    44 | D:1      | Reached XP level 2. HP: 13/18 MP: 2/2
   284 | D:1      | Reached XP level 3. HP: 15/23 MP: 3/3
  1242 | D:3      | Reached XP level 4. HP: 28/28 MP: 4/4
  1548 | D:3      | Reached skill level 5 in Unarmed Combat
  1652 | D:3      | Identified the ring of Jucsyak {rF+ rCorr MP+9 Int+3}
  1672 | D:3      | Gained mutation: You occasionally shout uncontrollably at
                  | your foes. [potion of mutation]
  1673 | D:3      | Lost mutation: You occasionally shout uncontrollably at
                  | your foes. [potion of mutation]
  1673 | D:3      | Gained mutation: Your body sometimes deteriorates upon
                  | taking damage. [potion of mutation]
  1673 | D:3      | Lost mutation: Your body sometimes deteriorates upon taking
                  | damage. [potion of mutation]
  2449 | D:4      | Reached XP level 5. HP: 19/33 MP: 5/5
  2728 | D:5      | Entered Level 5 of the Dungeon
  2795 | D:5      | Noticed a water moccasin
  2804 | D:5      | Killed a water moccasin
  2805 | D:5      | Reached XP level 6. HP: 12/38 MP: 6/6
  2996 | D:5      | Noticed an ice beast
  3316 | D:5      | Killed an ice beast
  3317 | D:5      | Reached skill level 4 in Shapeshifting
  3317 | D:5      | Reached XP level 7. HP: 24/43 MP: 7/7
  3601 | D:5      | Reached skill level 5 in Shapeshifting
  3848 | D:6      | Reached skill level 6 in Shapeshifting
  4020 | D:6      | Reached XP level 8. HP: 44/48 MP: 8/8
  4220 | D:6      | Reached skill level 7 in Shapeshifting
  4355 | D:6      | Found a blossoming altar of Fedhas.
  4358 | D:6      | Found a hide-covered altar of Uskayaw.
  4358 | D:6      | Found a stormy altar of Qazlal.
  4358 | D:6      | Found an ancient bone altar of Kikubaaqudgha.
  4359 | D:6      | Found a broken altar of Ashenzari.
  5120 | D:7      | Reached skill level 8 in Shapeshifting
  5124 | D:7      | Reached skill level 1 in Stealth
  5323 | D:7      | Reached skill level 5 in Stealth
  5328 | D:7      | Found Poimadd's Jewellery Boutique.
  5335 | D:7      | Bought a serpent talisman for 330 gold pieces
  5363 | D:7      | Reached XP level 9. HP: 52/53 MP: 9/9
  5572 | D:7      | Noticed Menkaure
  5581 | D:7      | Reached skill level 9 in Shapeshifting
  5583 | D:7      | Killed Menkaure
  5828 | D:7      | Found Ellonga's Gadget Gallery.
  6098 | D:7      | Found a staircase to the Ecumenical Temple.
  6110 | Temple   | Entered the Ecumenical Temple
  6134 | D:7      | Found Siudd's General Store.
  6493 | D:8      | Noticed a two-headed ogre
  6496 | D:8      | Noticed a two-headed ogre
  6503 | D:8      | Killed a two-headed ogre
  6504 | D:8      | Reached skill level 10 in Shapeshifting
  6678 | D:8      | Noticed a two-headed ogre
  6885 | D:8      | Noticed Amaemon
  6887 | D:8      | Noticed an orange demon
  6892 | D:8      | Killed Amaemon
  6893 | D:8      | Reached skill level 11 in Shapeshifting
  6893 | D:8      | Reached XP level 10. HP: 58/58 MP: 10/10
  6903 | D:8      | Killed an orange demon
  7077 | D:8      | Found a snail-covered altar of Cheibriados.
  7142 | D:8      | Reached skill level 12 in Shapeshifting
  7358 | D:8      | Killed a two-headed ogre
  7485 | D:8      | Killed a two-headed ogre
  7486 | D:8      | Reached skill level 13 in Shapeshifting
  7816 | Temple   | Became a worshipper of Gozag Ym Sagoz the Greedy
  8056 | D:8      | Noticed a manticore
  8067 | D:8      | Killed a manticore
  8068 | D:8      | Reached XP level 11. HP: 37/63 MP: 11/11
  8519 | D:8      | Found a hazy altar of Hepliaklqana.
  8614 | D:9      | Reached skill level 14 in Shapeshifting
  8886 | D:9      | Noticed a two-headed ogre
  8895 | D:9      | Killed a two-headed ogre
  9910 | D:10     | Entered Level 10 of the Dungeon
  9917 | D:10     | Reached skill level 15 in Shapeshifting
 10573 | D:10     | Noticed Erica
 10581 | D:10     | Killed Erica
 10827 | D:7      | Bought a granite talisman for 720 gold pieces
 10971 | D:10     | Noticed Grum
 10976 | D:10     | Killed Grum
 11052 | D:10     | Noticed a deep elf pyromancer
 11069 | D:10     | Killed a deep elf pyromancer
 11070 | D:10     | Reached XP level 12. HP: 50/68 MP: 12/12
 11306 | D:10     | Reached skill level 10 in Unarmed Combat
 11356 | D:10     | Found a portal to a secret trove of treasure.
 11383 | D:10     | Noticed a two-headed ogre
 11388 | D:10     | Killed a two-headed ogre
 11523 | D:11     | Found Jofabiqe's Assorted Antiques.
 11539 | D:11     | Found Oblimuph's Magic Scroll Boutique.
 11770 | D:11     | Found a staircase to the Orcish Mines.
 12074 | D:11     | Found Enux's Antique Weapon Emporium.
 12113 | D:11     | Found a staircase to the Lair.
 12161 | D:11     | Noticed Gastronok
 12184 | D:11     | Killed Gastronok
 12185 | D:11     | Reached skill level 16 in Shapeshifting
 12492 | D:11     | Found Wekuuquu's Magic Scroll Emporium.
 12635 | D:11     | Reached skill level 5 in Fighting
 12810 | D:11     | Reached XP level 13. HP: 86/86 MP: 13/13
 12819 | D:11     | Reached skill level 1 in Shields
 13166 | D:11     | Found Synnaih's Book Boutique.
 13399 | D:12     | Reached skill level 5 in Shields
 13970 | D:12     | Bought a runed iron ring for 150 gold pieces
 13970 | D:12     | Bought a scroll labelled WAMMOA PUH XERR for 30 gold pieces
 14016 | D:13     | Noticed Ostrumoaq's ghost (adept FoHu)
 14040 | D:13     | Noticed an entropy weaver
 14042 | D:13     | Found a gate to the Vaults.
 14042 | D:13     | Noticed an ironbound preserver
 14048 | D:13     | Killed an entropy weaver
 14057 | D:13     | Killed an ironbound preserver
 14142 | D:13     | Reached skill level 5 in Dodging
 14344 | D:13     | Found a transporter.
 14458 | D:13     | Found a transporter.
 15006 | D:14     | Reached XP level 14. HP: 51/92 MP: 14/14
 15259 | D:14     | Reached skill level 17 in Shapeshifting
 15466 | D:14     | Found Kextioxt's Pet Rocks.
 15746 | D:15     | Entered Level 15 of the Dungeon
 16362 | D:15     | Found a staircase to the Depths.
 16362 | D:15     | Noticed a dire elephant
 16377 | D:15     | Killed a dire elephant
 16755 | Lair:1   | Entered Level 1 of the Lair of Beasts
 16814 | Orc:1    | Entered Level 1 of the Orcish Mines
 16882 | Orc:2    | Entered Level 2 of the Orcish Mines
 16883 | Orc:2    | Found Xadiqeg's Assorted Antiques.
 17295 | Orc:2    | Found Zunlaik's Weapon Shop.
 17377 | Orc:2    | Found Etamire's Magic Scroll Shop.
 17448 | Orc:2    | Noticed an orc warlord
 17492 | Orc:2    | Killed an orc warlord
 17493 | Orc:2    | Reached XP level 15. HP: 99/99 MP: 15/15
 17498 | Orc:2    | Noticed Saint Roka
 17498 | Orc:2    | Noticed Maurice
 17752 | Orc:1    | Bought a ring of willpower for 350 gold pieces
 17938 | Lair:1   | Noticed Jeremiah
 17991 | Lair:1   | Killed Jeremiah
 17992 | Lair:1   | Reached skill level 18 in Shapeshifting
 18590 | Lair:2   | Found a staircase to the Shoals.
 20045 | Lair:3   | Found a hole to the Spider Nest.
 20380 | Lair:4   | Noticed Rupert
 20398 | Lair:4   | Reached skill level 19 in Shapeshifting
 20417 | Lair:4   | Killed Rupert
 20675 | Lair:4   | Noticed Kirke
 20692 | Lair:4   | Killed Kirke
 21218 | Lair:5   | Entered Level 5 of the Lair of Beasts
 21559 | Lair:5   | Bought a potion of heal wounds for 75 gold pieces
 21559 | Lair:5   | Bought a potion of curing for 45 gold pieces
 21559 | Lair:5   | Bought a potion of haste for 150 gold pieces
 21559 | Lair:5   | Bought 2 potions of heal wounds for 150 gold pieces
 21603 | Lair:5   | Found a staircase to the Slime Pits.
 21612 | Lair:5   | Found a viscous altar of Jiyva.
 21739 | Lair:5   | Reached XP level 16. HP: 105/105 MP: 16/16
 21841 | Lair:5   | Reached skill level 20 in Shapeshifting
 22757 | Orc:1    | Killed Saint Roka
 22912 | Orc:2    | Killed Maurice
 22953 | Orc:2    | Found a staircase to the Elven Halls.
 23191 | Lair:5   | Bought the ring "Olofomip" {Will+ Int+7} for 887 gold
                  | pieces
 23807 | Orc:2    | Found a runed translucent door.
 23807 | Orc:2    | Noticed Ratslayer's ghost (journeyman MiBe)
 23827 | Orc:2    | Killed Ratslayer's ghost
 23953 | Elf:1    | Entered Level 1 of the Elven Halls
 24365 | Elf:1    | Reached skill level 21 in Shapeshifting
 25031 | Elf:2    | Reached XP level 17. HP: 92/109 MP: 17/17
 25134 | Elf:2    | Found a runed translucent gate.
 25134 | Elf:2    | Found a runed translucent gate.
 25134 | Elf:2    | Found a runed translucent gate.
 25134 | Elf:2    | Noticed Roxanne
 25382 | Elf:2    | Noticed a deep elf blademaster
 25382 | Elf:2    | Found the +7 lajatang of Order {silver, rMut}
 25384 | Elf:2    | Noticed topfpfpflanze's ghost (adept FeIE)
 25393 | Elf:2    | Killed Roxanne
 25503 | Elf:2    | Found an iron altar of Okawaru.
 25758 | Elf:2    | Reached skill level 22 in Shapeshifting
 25887 | Elf:2    | Reached skill level 5 in Evocations
 25892 | Elf:2    | Found a huge runed translucent gate.
 25892 | Elf:2    | Found a huge runed translucent gate.
 25892 | Elf:2    | Found a huge runed translucent gate.
 25892 | Elf:2    | Found a huge runed translucent gate.
 25893 | Elf:2    | Found a huge runed translucent gate.
 26826 | Orc:2    | Bought a scroll of identify for 26 gold pieces
 26858 | Orc:2    | Bought a scroll of identify for 68 gold pieces
 27127 | Orc:1    | Bought a potion of curing for 57 gold pieces
 27127 | Orc:1    | Bought a potion of haste for 190 gold pieces
 27392 | Depths:1 | Entered Level 1 of the Depths
 27392 | Depths:1 | Found a gateway to Hell.
 27765 | D:15     | Reached skill level 10 in Dodging
 28294 | Depths:1 | Found a blossoming altar of Fedhas.
 28406 | Depths:1 | Reached XP level 18. HP: 90/116 MP: 18/18
 28875 | Depths:1 | Found a one-way gateway to a ziggurat.
 29428 | Spider:1 | Entered Level 1 of the Spider Nest
 29734 | Spider:1 | Identified a scroll of acquirement
 29745 | Spider:1 | Acquired 730 gold pieces
 30381 | Spider:2 | Bought a potion of curing for 48 gold pieces
 30381 | Spider:2 | Bought 2 potions of curing for 96 gold pieces
 30585 | Spider:2 | Noticed Frances
 30595 | Spider:2 | Killed Frances
 31220 | Spider:2 | Reached skill level 10 in Fighting
 31782 | D:10     | You paid a toll of 17 potions of curing to enter a treasure
                  | trove
 31783 | Trove    | Entered a treasure trove
 31790 | Trove    | Identified the +1 tower shield "Qaumifor" {rPois Regen+
                  | Dex-3}
 31798 | Trove    | Identified the +3 long sword of Empimet {venom, Int+4
                  | Dex-4}
 31799 | Trove    | Identified the ring of the Fifty Stories {rF+ Int+6}
 31801 | Trove    | Identified the ring of Miseagoeq {rElec rN+ Will+}
 32951 | Spider:3 | Noticed Arachne
 32966 | Spider:3 | Killed Arachne
 33287 | Spider:4 | Entered Level 4 of the Spider Nest
 33294 | Spider:4 | Reached skill level 15 in Unarmed Combat
 33431 | Spider:4 | Reached XP level 19. HP: 126/126 MP: 19/19
 33526 | Spider:4 | Found a hide-covered altar of Uskayaw.
 33635 | Spider:4 | Reached skill level 10 in Shields
 34324 | Spider:4 | Got a gossamer rune of Zot
 34610 | Shoals:1 | Entered Level 1 of the Shoals
 34867 | Shoals:1 | Found a runed translucent door.
 34867 | Shoals:1 | Found a shimmering altar of Xom.
 34867 | Shoals:1 | Noticed klunsen's ghost (adept SpEn)
 34867 | Shoals:1 | Found the +10 dark maul {heavy}
 35118 | Shoals:2 | Noticed Ilsuiw
 35194 | Shoals:1 | Killed Ilsuiw
 35394 | Shoals:2 | Noticed Nikola
 35404 | Shoals:2 | Killed Nikola
 35405 | Shoals:2 | Noticed Polyphemus
 35806 | Shoals:2 | You fall into a shaft and drop 1 floor!
 36221 | Shoals:4 | Entered Level 4 of the Shoals
 36267 | Shoals:4 | Got the Handbook of the Terrestrial Boggart
 36380 | Shoals:4 | Reached XP level 20. HP: 132/132 MP: 20/20
 36576 | Shoals:4 | Got a barnacled rune of Zot
 36611 | Shoals:4 | Identified the serpent talisman of the Wary Things {rF+
                  | rCorr Int+3 Slay-2}
 36611 | Shoals:4 | Noticed Aizul
 36628 | Shoals:4 | Killed Aizul
 36675 | Shoals:4 | Noticed Mara
 36693 | Shoals:4 | Noticed ZotIsNOTReal's illusion
 37074 | Elf:3    | Entered Level 3 of the Elven Halls
 37097 | Elf:3    | Found Wekips's Antique Armour Shoppe.
 37210 | Elf:3    | Found Seomnupp's Armour Shoppe.
 37536 | Elf:3    | Noticed Lajad's ghost (adept OpFE)
 37547 | Elf:3    | Found a transporter.
 37578 | Elf:3    | Found a transporter.
 37597 | Elf:3    | Identified the ring "Apsit" {Will+ Str+9 Int-4}
 37608 | Elf:3    | Killed Lajad's ghost
 37622 | Elf:3    | Identified the ring "Tuasaesu" {rF++ rC++ EV+5}
 37857 | Elf:3    | Reached skill level 15 in Shields
 37889 | Elf:3    | Reached skill level 10 in Stealth
 38148 | Elf:3    | Found the amulet of the Air {Inacc Air Fly rElec RMsl}
 38239 | Elf:3    | Identified the ring "Cuokol" {rC- AC+4 Str-4 Dex+8}
 38258 | Elf:3    | Got the Precepts of Charming Resurrection
 38322 | Elf:3    | Identified the ring of Gis Goygone {rF+ rN+ rCorr Str-5
                  | Int+4}
 38332 | Elf:3    | Got Goibeip's Tome of the Alluring Serac
 38347 | Elf:3    | Got the Directory of Molten Breath
 38348 | Elf:3    | Identified the +2 quarterstaff of Lurop {flame, rElec
                  | Will+}
 38363 | Elf:3    | Got the Notes on Fire and Convocation
 38365 | Elf:3    | Got the Catalogue of Decomposition and Snow
 38383 | Elf:3    | Bought a scroll of blinking for 120 gold pieces
 38383 | Elf:3    | Bought a scroll of teleportation for 48 gold pieces
 38383 | Elf:3    | Bought a scroll of teleportation for 48 gold pieces
 38383 | Elf:3    | Bought a scroll of teleportation for 48 gold pieces
 38580 | Vaults:1 | Entered Level 1 of the Vaults
 38637 | Vaults:1 | Found Plog's Jewellery Boutique.
 38682 | Vaults:1 | Reached skill level 15 in Stealth
 38841 | Vaults:1 | Found Byric's Assorted Antiques.
 38848 | Vaults:1 | Bought a scroll of fear for 140 gold pieces
 38941 | Vaults:1 | Reached XP level 21. HP: 137/137 MP: 21/21
 39353 | Vaults:1 | Found Iruxaum's Antique Armour Shop.
 39369 | Vaults:1 | Found Ravyut's Magic Scroll Boutique.
 39375 | Vaults:1 | Bought a scroll of teleportation for 60 gold pieces
 39375 | Vaults:1 | Bought a scroll of teleportation for 60 gold pieces
 39385 | Vaults:1 | Noticed Norris
 39935 | Vaults:2 | Found a crumbling gateway.
 39943 | Desolati | Entered the Desolation of Salt
 40137 | Desolati | Found the +10 zealot's sword {holy, Zealotry, *Rage rN+
                  | EV+3}
 40224 | Desolati | Identified the amulet "Dugh" {^Drain +Inv Fly Regen+}
 40252 | Desolati | Found the +5 robe of Night {Dark Will+ SInv}
 40411 | Desolati | Identified the ring "Kiloav" {^Drain rC+ AC+4 Str+2 SInv}
 40464 | Desolati | Got the Notes on Twisted Energy
 40465 | Desolati | Identified the +8 broad axe of Dishonesty {elec, Int-4
                  | Dex+6}
 41035 | Vaults:2 | You fall into a shaft and drop 2 floors!
 41087 | Vaults:4 | Found a flickering gateway to a bazaar.
 41104 | Bazaar   | Entered a bazaar
 41104 | Bazaar   | Found Idusiu Emon's General Store.
 41104 | Bazaar   | Found Wilent's Armour Shop.
 41104 | Bazaar   | Found Buxkaul's Magic Scroll Shoppe.
 41104 | Bazaar   | Found Heutsus's Magic Scroll Shop.
 41106 | Bazaar   | Found Comoh's Book Shoppe.
 41106 | Bazaar   | Found Errad's Armour Boutique.
 41122 | Bazaar   | Bought a scroll of fear for 64 gold pieces
 41122 | Bazaar   | Bought a scroll of teleportation for 48 gold pieces
 41122 | Bazaar   | Bought a scroll of fear for 64 gold pieces
 41122 | Bazaar   | Bought a scroll of teleportation for 48 gold pieces
 41133 | Bazaar   | Bought a scroll of teleportation for 36 gold pieces
 41133 | Bazaar   | Bought a scroll of fear for 48 gold pieces
 41133 | Bazaar   | Bought a scroll of fear for 48 gold pieces
 41406 | Vaults:3 | Reached XP level 22. HP: 143/143 MP: 22/22
 41763 | Vaults:2 | Reached skill level 15 in Dodging
 42376 | Vaults:3 | Found Lull's General Store.
 42610 | Vaults:3 | Found a staircase to the Crypt.
 42610 | Vaults:3 | Found an ancient bone altar of Kikubaaqudgha.
 42610 | Vaults:3 | Found a basalt altar of Yredelemnul.
 44379 | Vaults:5 | Entered Level 5 of the Vaults
 44381 | Vaults:5 | Noticed an ancient lich
 44701 | Vaults:4 | Reached XP level 23. HP: 152/152 MP: 23/23
 44729 | Vaults:4 | Killed an ancient lich
 44828 | Vaults:5 | Noticed a golden dragon
 44840 | Vaults:5 | Killed a golden dragon
 44855 | Vaults:5 | Noticed an ancient lich
 44870 | Vaults:5 | Identified the ring of Kuhuheud {^Drain rPois rC+ MP+9}
 44880 | Vaults:5 | Killed from afar by a deep elf sorcerer

Illustrated notes

Levels and vault maps discovered:
D:1:      dpeg_arrival_long_road, layout_rooms, serial_glass, glass_columns_b,
          glass_columns_b, glass_columns_a, glass_columns_a, feat_on_display,
          item_on_display_a, nrook_loot_triangle
D:2:      layout_basic
D:3:      layout_basic
D:4:      layout_cave_pools
D:5:      layout_basic
D:6:      layout_rooms, grunt_temple_overflow_open
D:7:      wad_crossroads, layout_basic, minmay_temple_entry_large_hall,
          serial_shops, shop, nicolae_shop_crystal, nicolae_shop_gadgets,
          uniq_menkaure
D:8:      layout_basic, cheibriados_altar_1,
          nicolae_hepliaklqana_monster_ancestors, minmay_joined_circles,
          uniq_amaemon
D:9:      layout_basic, introduction_to_nature_1
D:10:     layout_roguey, enter_trove_3, st_stairs_2, minivault_25_ag, uniq_grum,
          uniq_erica
D:11:     bobbens_index_wilting_gardens, layout_long_grid, hiddenorc2_lemuel,
          serial_shops, shop, nicolae_shop_overgrown_old_shop,
          nicolae_shop_rolled_up, shop, shop, uniq_gastronok
D:12:     layout_small_grid
D:13:     layout_cave_pools, hellmonk_vaults_order_and_chaos,
          gammafunk_ghost_stat_death
D:14:     layout_loops_cross, kennysheep_cross_bottleneck,
          minmay_misc_feat_secret_circle, grunt_decor_one_mirror,
          guppyfry_shop_earth
D:15:     hangedman_depths_entry_try_elsewhere_first, layout_basic,
          glass_columns_c
Temple:   eino_wide_crystal_templ
Lair:1:   layout_roguey, grunt_megastairs_5, infiniplex_staircase_pool,
          lemuel_fruit_tree, uniq_jeremiah
Lair:2:   layout_long_grid, elwin_shoals_entry_rocks, serial_forest,
          infiniplex_forest_straight_3, infiniplex_forest_lined_2,
          infiniplex_forest_lined_4_way, infiniplex_forest_straight_3,
          infiniplex_forest_lined_2
Lair:3:   layout_roguey, nicolae_spider_entry_orb_guardian
Lair:4:   layout_regular_city, st_stairs_9, uniq_rupert, uniq_kirke
Lair:5:   guppyfry_lair_end_dragon, layout_gridlike, slime_entry_1
Shoals:1: layout_shoals, ebering_ghost_xom, nzn_prometheus_bound
Shoals:2: layout_shoals, uniq_ilsuiw, uniq_nikola, uniq_polyphemus
Shoals:3: layout_shoals
Shoals:4: shoals_end_grunt_ice, layout_shoals, uniq_aizul, uniq_mara
Spider:1: layout_spider_delve
Spider:2: layout_spider_delve, uniq_frances
Spider:3: layout_cave_pods, uniq_arachne
Spider:4: hellmonk_spider_rune_endless_swarm, nicolae_spider_altar_of_dancing
Orc:1:    layout_diamond_mine
Orc:2:    st_orc_town, layout_caves, portal_ice_cave_entry_ice_simulacra,
          hellmonk_ghost_happy_afterlife, uniq_saint_roka, uniq_maurice
Elf:1:    layout_rooms, hangedman_elven_crosses_minicolossus
Elf:2:    elven_hall_of_blades_hangedman_alternative
          [nicolae_blade_little_rooms], layout_gridlike,
          gammafunk_ghost_fury_of_okawaru, uniq_roxanne
Elf:3:    minmay_elf_hall_circle, layout_gridlike, serial_shops,
          nicolae_shop_gibbet_a_chance, nicolae_shop_stone,
          gammafunk_ghost_berserking_beasts
Vaults:1: nicolae_vaults_little_guard_posts, ontoclasm_vaults_ligature,
          v_misc_4, nicolae_vaults_house_3, v_misc_27,
          nicolae_vaults_offset_grid_hallway_3, nicolae_vaults_tetromino_T_2,
          nicolae_vaults_surprise_closet, nicolae_vaults_offset_grid_hallway_3,
          nicolae_vaults_wrenched, vaults_room_hallway,
          nicolae_vaults_closet_pinwheel_4, nicolae_vaults_shelves_hall,
          nicolae_vaults_double_plus_1, layout_vaults_ring, serial_shops,
          nicolae_shop_just_a_little_nook, nicolae_shop_real_fake_doors, shop,
          shop, uniq_norris
Vaults:2: portal_desolation_entry_nicolae_slug, nicolae_vaults_statue_guard,
          vaults_standard_mumra_lines, nicolae_vaults_network_quinsquares
          [nicolae_vaults_network_quincunx_subvault,
          nicolae_vaults_network_quincunx_subvault,
          nicolae_vaults_network_quincunx_subvault,
          nicolae_vaults_network_quincunx_subvault],
          nicolae_vaults_door_testing_chamber,
          nicolae_vaults_offset_grid_hallway_3, nicolae_vaults_house_2,
          nicolae_vaults_sesquioval_fish, nicolae_vaults_alarming,
          nicolae_vaults_shrinking_rooms_1, nicolae_vaults_rhombus_6,
          layout_vaults_omnicross
Vaults:3: hangedman_vaults_nails, vaults_dpeg_hooks,
          minmay_crypt_entry_necro_gods, nicolae_vaults_six-pack,
          nicolae_vaults_shelves_hall, vaults_room_boxed,
          nicolae_vaults_network_star, vaults_room_fours,
          nicolae_vaults_weapon_check, nicolae_vaults_trapezoid_3,
          nicolae_vaults_rhombus_6, vaults_room_hallway, v_misc_16,
          nicolae_vaults_double_plus_2, vaults_room_hallway,
          layout_vaults_maze_snakey, serial_shops,
          nicolae_shop_tiny_statue_garden
Vaults:4: nicolae_vaults_network_barrier, vaults_room_corners, v_misc_32,
          nicolae_vaults_closet_pinwheel_5, nicolae_vaults_sightless_eye,
          ontoclasm_vaults_shuriken, vaults_mumra_hexcomb,
          layout_vaults_omnigrid, serial_shops, bzr_entry_gold
Vaults:5
Depths:1: layout_twisted_cross, enter_ziggurat_d, hell_entry, abyss_entry,
          fedhas_altar_1, roderic_lattice_octagonal_star

Skill      XL: |  1  2  3  4  5  6  7  8  9 10 11 12 13 14 15 16 17 18 19 20 21 22 23 |
---------------+----------------------------------------------------------------------+-----
Unarmed Combat | 4 5 6 7 9 10 11 12 15 16 18 19 20 | 20.7
Shapeshifting  | 4 6 8 11 13 15 16 17 19 21 22 | 22.0
Stealth        | 5 7 17 20 | 20.0
Fighting       | 7 8 10 11 | 11.0
Shields        | 6 8 9 12 15 16 | 16.0
Dodging        | 6 8 11 13 14 15 | 15.0
Evocations     | 4 7 8 |  8.0

Action                     |  1- 3 |  4- 6 |  7- 9 | 10-12 | 13-15 | 16-18 | 19-21 | 22-24 || total
---------------------------+-------+-------+-------+-------+-------+-------+-------+-------++-------
  Melee: Unarmed           |    66 |    90 |   155 |   576 |   902 |  1160 |  1355 |   523 ||  4827
         Constrict         |    16 |    22 |    32 |    93 |   122 |   183 |   185 |    53 ||   706
         Tentacles         |     9 |    13 |    17 |    68 |   221 |   279 |   354 |   162 ||  1123
         Punch             |     2 |     2 |     8 |    20 |    70 |   116 |   187 |   104 ||   509
 Invoke: Call Merchant     |       |       |       |       |     4 |     3 |     2 |       ||     9
Ability: Blinkbolt         |       |       |       |       |       |     1 |       |       ||     1
  Evoke: Wand              |       |       |    12 |     4 |    11 |       |     3 |       ||    30
    Use: Scroll            |     2 |     5 |     6 |     7 |    11 |    12 |    12 |       ||    55
         Potion            |       |     3 |     5 |     3 |       |     6 |     2 |       ||    19
   Stab: Sleeping          |     8 |     5 |     3 |    10 |    14 |    13 |    40 |    20 ||   113
         Distracted        |       |       |     1 |     3 |     5 |    11 |    17 |     3 ||    40
 Armour: Skin              |    18 |    43 |    95 |   468 |   657 |  1226 |  1365 |   368 ||  4240
  Dodge: Dodged            |    33 |    39 |    95 |   284 |   500 |   837 |   940 |   407 ||  3135
  Block: Other             |       |     6 |    31 |    79 |       |    10 |       |       ||   126
         Reflection        |       |     1 |       |     3 |    32 |    48 |   134 |    16 ||   234
         Buckler           |       |       |       |    89 |   666 |   800 |       |       ||  1555
         Tower shield      |       |       |       |       |       |   366 |  2534 |   976 ||  3876
   Form: Serpent           |       |       |     1 |       |       |       |       |       ||     1
         Statue            |       |       |       |     1 |       |     1 |       |       ||     2
         Storm             |       |       |       |       |       |     1 |       |       ||     1

Table legend: (Time is in decaauts)
 A = Elapsed time spent in this place.
 B = Non-inter-level travel time spent in this place.
 C = Inter-level travel time spent in this place.
 D = Time resting spent in this place.
 E = Time spent auto-exploring this place.
 F = Levels seen in this place.
 G = Mean time per level.
                   A        B        C        D        E       F      G
               +--------+--------+--------+--------+--------+-----+--------+
         Total |  61173 |  56539 |   4634 |  10574 |  21615 |  43 | 1422.6 |
       Dungeon |  21868 |  20090 |   1778 |   5717 |   9173 |  15 | 1457.9 |
        Temple |     46 |     17 |     29 |      0 |      0 |   1 |   46.0 |
          Lair |   8447 |   7195 |   1252 |    525 |   4803 |   5 | 1689.4 |
        Shoals |   3812 |   3660 |    152 |    313 |      0 |   4 |  953.0 |
   Spider Nest |   6995 |   6444 |    551 |   1042 |   2049 |   4 | 1748.8 |
  Orcish Mines |   3844 |   3480 |    364 |    832 |   1006 |   2 | 1922.0 |
   Elven Halls |   5652 |   5384 |    268 |   1285 |    584 |   3 | 1884.0 |
        Vaults |   8198 |   7963 |    235 |    307 |   3855 |   5 | 1639.6 |
        Depths |   1286 |   1285 |      1 |    534 |    144 |   1 | 1286.0 |
        Bazaar |     58 |     58 |      0 |      0 |      0 |   1 |   58.0 |
         Trove |     62 |     62 |      0 |      0 |      0 |   1 |   62.0 |
    Desolation |    901 |    901 |      0 |     16 |      0 |   1 |  901.0 |
               +--------+--------+--------+--------+--------+-----+--------+

Top non-repeatable levels by time:
    D:11: 3314 daAuts
    D:15: 2982 daAuts
   Orc:2: 2625 daAuts
Vaults:4: 2593 daAuts
Spider:2: 2327 daAuts
     D:8: 2148 daAuts
   Elf:2: 2121 daAuts
  Lair:4: 2006 daAuts
   Elf:3: 2001 daAuts
Vaults:2: 1983 daAuts
  Lair:5: 1880 daAuts
Vaults:1: 1834 daAuts
  Lair:2: 1802 daAuts
Spider:3: 1720 daAuts
    D:14: 1710 daAuts
